 Dungeon Crawl Stone Soup version 0.28.0-53-g5a82cb258f (webtiles) character file.

Game seed: 12527142581600385367

2731 ILmort the Fighter (level 9, -38/92 HPs)
             Began as a Minotaur Berserker on Aug 17, 2022.
             Was an Elder of Trog.
             Annihilated by a boulder beetle (48 damage)
             ... on level 6 of the Dungeon.
             The game lasted 00:17:54 (6676 turns).

ILmort the Fighter (Minotaur Berserker)             Turns: 6676, Time: 00:17:54

Health: -38/92     AC: 13    Str: 25    XL:     9   Next: 40%
Magic:  8/8        EV: 13    Int:  4    God:    Trog [****..]
Gold:   338        SH:  0    Dex: 11    Spells: 8/8 levels left

rFire   . . .      SeeInvis +   a - +0 hand axe
rCold   . . .      Faith    .   (no shield)
rNeg    . . .      Spirit   .   C - +2 steam dragon scales
rPois   .          Reflect  .   (helmet restricted)
rElec   .          Harm     .   n - +2 cloak
rCorr   .          Rampage  .   t - +1 pair of gloves
Will    .....                   (no boots)
Stlth   +.........              (no amulet)
HPRegen 0.25/turn               z - ring of see invisible
MPRegen 0.11/turn               (no ring)

@: on berserk cooldown, slowed, very slow
A: horns 2, retaliatory headbutt
a: Renounce Religion, Berserk, Trog's Hand, Brothers in Arms


You were on level 6 of the Dungeon.
You worshipped Trog.
Trog was greatly pleased with you.
You visited 1 branch of the dungeon, and saw 6 of its levels.

You collected 338 gold pieces.

Inventory:

Hand Weapons
 a - a +0 hand axe (weapon)
 b - a +3 whip of venom
 y - a +2 flail of protection
 B - a +2 broad axe of distortion
Armour
 n - a +2 cloak (worn)
 t - a +1 pair of gloves (worn)
 C - +2 steam dragon scales (worn)
Jewellery
 z - a ring of see invisible (left hand)
Wands
 r - a wand of flame (11)
 A - a wand of paralysis (1)
Scrolls
 c - 2 scrolls of teleportation {unknown}
 d - 6 scrolls of identify {unknown}
 f - a scroll of immolation {unknown}
 g - 2 scrolls of enchant armour {unknown}
 h - a scroll of amnesia {unknown}
 j - 2 scrolls of torment {unknown}
 l - a scroll of silence {unknown}
 o - a scroll of summoning {unknown}
 p - a scroll of noise {unknown}
 q - 2 scrolls of vulnerability {unknown}
 u - a scroll of enchant weapon {unknown}
 w - 2 scrolls of blinking {unknown}
 x - a scroll of fear {unknown}
Potions
 i - a potion of magic {unknown}
 m - a potion of brilliance
 s - 3 potions of curing
 v - a potion of heal wounds


   Skills:
 * Level 12.6 Fighting
 + Level 7.5 Axes
 + Level 5.3 Armour
 + Level 4.9 Dodging


You had 8 spell levels left.
You didn't know any spells.
Your spell library was empty.

Dungeon Overview and Level Annotations

Branches:
Dungeon (6/15)
 Temple: D:4-7

Altars:
Hepliaklqana
Uskayaw

Shops:
D:3 [   D:5 *


Innate Abilities, Weirdness & Mutations

You have a pair of horns on your head.
You reflexively headbutt those who attack you in melee.


Message History

The iguana closely misses you. You furiously retaliate!
You headbutt the iguana. You barely miss the iguana. You headbutt the iguana.
You kill the iguana!
Trog accepts your kill.
Found a book of Maledictions.
A boulder beetle comes into view.
Found a stone staircase leading down.
The boulder beetle leaps!
The boulder beetle closely misses you.
You hit the boulder beetle.
The boulder beetle bites you but does no damage.
You hit the boulder beetle. You headbutt the boulder beetle!
The boulder beetle bites you!
You hit the boulder beetle. You headbutt the boulder beetle.
You hit the boulder beetle but do no damage.
The boulder beetle bites you!
A red film seems to cover your vision as you go berserk!
You feel yourself moving faster!
You feel mighty! The boulder beetle bites you!!
You hit the boulder beetle. The boulder beetle bites you!!
You completely miss the boulder beetle. The boulder beetle misses you.
You hit the boulder beetle.
You headbutt the boulder beetle, but do no damage.
You slash the boulder beetle! The boulder beetle bites you!!
* * * LOW HITPOINT WARNING * * *
You hit the boulder beetle but do no damage.
You hit the boulder beetle but do no damage.
The boulder beetle bites you!
* * * LOW HITPOINT WARNING * * *
You barely miss the boulder beetle. The boulder beetle bites you.
* * * LOW HITPOINT WARNING * * *
You feel a strong urge to attack something.
You are no longer berserk.
You are exhausted.
You feel yourself slow down.
The boulder beetle curls into a ball and begins rolling!
The boulder beetle hits you!!!
Ouch! That really hurt!
You die...

.♣ ..♣. #.#...#.# B....
#.##.##.# .♣.. #. ..##.# ..#
##.##.#
#.#.######.##.######.. ###
#.#...................
.....##.########.##.#######.
.:.........°°○...##.#
####.##.......B@<#### #
####.###.### #.# #.# #.# #.#
#.# #.# #.# #.# ..# #.# ###
#.#


You could see a boulder beetle (rolling).

Vanquished Creatures
  The ghost of grerr the Zephyrmancer, a novice TeAE (D:6)
  Maggie (D:6)
  Menkaure (D:6)
  A sky beast (D:5)
  3 ogres
  2 centaurs
  2 phantoms (D:4)
  2 bullfrogs (D:6)
  A gnoll sergeant (D:6)
  A scorpion (D:5)
  A wyvern skeleton (D:6)
  6 killer bees
  A centaur zombie (D:6)
  2 gnoll shamans (D:5)
  2 orc priests
  3 hounds
  A jelly (D:6)
  Jessica (D:2)
  A bullfrog skeleton (D:6)
  An iguana (D:6)
  3 orc wizards
  A scorpion zombie (D:5)
  Natasha (thrice) (D:4)
  A howler monkey zombie (D:6)
  11 gnolls
  6 adders
  2 ufetubi
  2 dart slugs
  16 orcs
  4 ball pythons
  5 bats
  7 endoplasms
  3 giant cockroaches
  10 goblins
  13 hobgoblins
  A quokka (D:4)
  2 frilled lizards
  8 kobolds
  6 rats
138 creatures vanquished.

Vanquished Creatures (others)
  18 plants (D:5)
18 creatures vanquished.

Grand Total: 156 creatures vanquished

Notes
Turn   | Place    | Note
-------+----------+-------------------------------------------
     0 | D:1      | ILmort the Minotaur Berserker began the quest for the Orb.
     0 | D:1      | Reached XP level 1. HP: 19/19 MP: 0/0
   494 | D:1      | Reached XP level 2. HP: 25/26 MP: 1/1
   944 | D:1      | Found a faded altar of an unknown god.
  1387 | D:2      | Reached skill level 5 in Axes
  1406 | D:2      | Reached XP level 3. HP: 30/31 MP: 2/2
  1559 | D:2      | Reached ** piety under Trog
  1629 | D:2      | Noticed Jessica
  1643 | D:2      | Killed Jessica
  1737 | D:2      | Found a hide-covered altar of Uskayaw.
  1819 | D:2      | Reached XP level 4. HP: 37/39 MP: 3/3
  2678 | D:3      | Reached XP level 5. HP: 41/46 MP: 4/4
  2681 | D:3      | Reached skill level 4 in Fighting
  3038 | D:3      | Found Evvonkin's Antique Armour Emporium.
  3197 | D:4      | Noticed an ogre
  3209 | D:4      | Killed an ogre
  3210 | D:4      | Reached skill level 5 in Fighting
  3210 | D:4      | Reached XP level 6. HP: 15/57 MP: 5/5
  3490 | D:4      | Noticed Natasha
  3494 | D:4      | Killed Natasha
  3495 | D:4      | Reached skill level 6 in Fighting
  3536 | D:4      | Noticed Natasha
  3548 | D:4      | Killed Natasha
  3553 | D:4      | Noticed Natasha
  3567 | D:4      | Killed Natasha
  3568 | D:4      | Reached skill level 7 in Fighting
  4042 | D:4      | Reached *** piety under Trog
  4172 | D:4      | Identified the +10 trident "Qycway Xiemu" {antimagic, rElec
                  | rC+ Dex+6}
  4236 | D:5      | Entered Level 5 of the Dungeon
  4243 | D:5      | Reached XP level 7. HP: 58/66 MP: 6/6
  4247 | D:4      | Reached skill level 8 in Fighting
  4254 | D:4      | Reached skill level 9 in Fighting
  4529 | D:5      | Reached skill level 10 in Fighting
  4554 | D:5      | Reached XP level 8. HP: 75/79 MP: 7/7
  4595 | D:5      | Found a hazy altar of Hepliaklqana.
  5041 | D:5      | Reached skill level 11 in Fighting
  5469 | D:5      | Found Dinez's Elemental Accessories.
  5935 | D:6      | Noticed Maggie
  5946 | D:6      | Killed Maggie
  5954 | D:6      | Reached XP level 9. HP: 81/90 MP: 8/8
  6006 | D:6      | Found a runed translucent door.
  6009 | D:6      | Noticed grerr's ghost (novice TeAE)
  6014 | D:6      | Reached skill level 12 in Fighting
  6026 | D:6      | Killed grerr's ghost
  6027 | D:6      | Reached skill level 5 in Armour
  6131 | D:6      | Noticed Menkaure
  6142 | D:6      | Killed Menkaure
  6142 | D:6      | Reached **** piety under Trog
  6643 | D:6      | Noticed a boulder beetle
  6676 | D:6      | Annihilated by a boulder beetle

Illustrated notes

Levels and vault maps discovered:
D:1:      psy_arrival_wood_between_worlds, layout_loops_corners,
          basic_ecumenical_altar
D:2:      layout_basic, basic_altar, minmay_misc_feat_square, uniq_jessica
D:3:      layout_loops_ring, serial_shops, nicolae_shop_stone,
          wad_floor_pattern_2
D:4:      cheibrodos_greedy_goblins, layout_rooms, uniq_natasha
D:5:      layout_loops_ring, mainiacjoe_overflow_tiny_flanked,
          nicolae_elemental_shop, nicolae_grassy_gnolls
D:6:      layout_loops_ring, minmay_temple_entry_poolview,
          ebering_ghost_sewer_d, st_stairs_3, grunt_ministairs_2,
          eino_tiny_chamber, uniq_maggie, uniq_prince_ribbit1, uniq_menkaure

Skill      XL: |  1  2  3  4  5  6  7  8  9 |
---------------+----------------------------+-----
Axes           | 4 5 7 |  7.5
Fighting       | 5 7 10 11 12 | 12.6
Armour         | 4 5 |  5.3
Dodging        | 4 |  4.9

Action                   |  1- 3 |  4- 6 |  7- 9 || total
-------------------------+-------+-------+-------++-------
Melee: Hand axe          |    69 |   121 |   182 ||   372
       Headbutt          |     4 |    18 |    33 ||    55
       Punch             |     1 |     1 |     1 ||     3
Invok: Berserk           |       |     2 |     7 ||     9
  Use: Potion            |       |     2 |     2 ||     4
Armor: Animal skin       |     8 |       |       ||     8
       Ring mail         |     4 |       |       ||     4
       Scale mail        |    19 |    57 |    83 ||   159
       Steam dragon scal |       |       |    16 ||    16
Dodge: Dodged            |    47 |    85 |   114 ||   246
